 Dungeon Sprint DCSS version 0.16.1-28-gcc2312f (webtiles) character file.

516 Kidiri the Fighter (level 7, -4/64 HPs)
             Began as a Demonspawn Gladiator on May 31, 2015.
             Was a Believer of Jiyva.
             Slain by a centaur warrior (13 damage)
             ... in the Dungeon (Sprint I: "Red Sonja").
             The game lasted 00:03:43 (1124 turns).

Kidiri the Fighter (Demonspawn Gladiator)           Turns: 1124, Time: 00:03:43

Health: -4/64      AC:  7    Str: 18    XL:     7   Next: 0%
Magic:  7/7        EV: 14    Int:  9    God:    Jiyva [**....]
Gold:   311        SH:  0    Dex: 13    Spells: 0 memorised, 6 levels left

rFire  . . .     SeeInvis .     a - +0 war axe
rCold  . . .     Clarity  .     b - +0 leather armour
rNeg   . . .     SustAb   .     (no shield)
rPois  .         Gourm    .     (helmet restricted)
rElec  .         Spirit   .     (no cloak)
rCorr  +         Warding  .     (no gloves)
rMut   .         NoTele   +     (no boots)
MR     .....                    (no amulet)
Stlth  +.........               (no ring)
                                (no ring)

@: not resistant to hostile enchantments, very unstealthy
A: antennae 1, yellow scales 3
a: Request Jelly, Jelly Paralyse, Renounce Religion


You were in the Dungeon.
You worshipped Jiyva.
Jiyva was pleased with you.
You were not hungry.

You visited 1 branch You collected 311 gold pieces.

Inventory:

Hand weapons
 a - a +0 war axe (weapon)
Missiles
 d - 3 throwing nets (quivered)
Armour
 b - a +0 leather armour (worn)
 c - a +0 helmet
Magical devices
 e - a wand of slowing (8)
Scrolls
 k - a scroll of blinking
Potions
 h - a potion of haste
 i - 2 potions of magic


   Skills:
 * Level 9.0 Fighting
 * Level 8.5 Axes
 + Level 5.8 Throwing
 + Level 6.1 Dodging


You had 6 spell levels left.
You didn't know any spells.

Dungeon Overview and Level Annotations

Branches:
Dungeon (1/1)

Altars:
Cheibriados
Dithmenos
Elyvilon
Fedhas
Gozag
Kikubaaqudgha
Makhleb
Nemelex Xobeh
Okawaru
Qazlal
Ru
Sif Muna
Trog
Vehumet
Xom
Yredelemnul
Zin
The Shining One
Jiyva

Shops:
D [


Innate Abilities, Weirdness & Mutations

You have a pair of small antennae on your head.
You are completely covered in yellow scales (AC +4, rCorr).


Message History

You see here an arrow.
The centaur warrior shoots an arrow.
The arrow barely misses you.
You close the door.
A centaur warrior opens the door.
The centaur warrior unwields an uncursed shortbow.
The centaur warrior barely misses you. The centaur warrior hits you.
* * * LOW HITPOINT WARNING * * *
There is an open door, spattered with blood here.
You barely miss the centaur warrior. The centaur warrior hits you!
* * * LOW HITPOINT WARNING * * *
You hit the centaur warrior.
The centaur warrior is lightly wounded.
The centaur warrior closely misses you. x2
You hit the centaur warrior.
The centaur warrior is lightly wounded.
The centaur warrior hits you but does no damage.
You slash the centaur warrior!
The centaur warrior is moderately wounded.
The centaur warrior hits you!
You die...

###################
#<.#..)..#..'..#__#
#..)..#..').#..'^.+
#..#####'#####'#__# #
#..####..#...#.####.§
#..#__####..##.#≈§≈§§
#..#_..__##'#§§.§§≈§
#⌠⌠#_(∩.(.@c..§#§≈§§
####_..._##_.#'##+#
#_____###+#.# #######
###


You could see a centaur warrior.

Vanquished Creatures
  A slime creature (D)
  A yak (D)
  An ogre (D)
  Sigmund (D)
  A jelly (D)
  Ijyb (D)
6 creatures vanquished.

Vanquished Creatures (others)
  A jelly (D)
1 creature vanquished.

Grand Total: 7 creatures vanquished

Notes
Turn   | Place    | Note
--------------------------------------------------------------
     0 | D        | Kidiri, the Demonspawn Gladiator, began the quest for the Orb.
     0 | D        | Reached XP level 1. HP: 16/16 MP: 1/1
     2 | D        | Noticed Ijyb
    13 | D        | Killed Ijyb
    13 | D        | Reached skill level 3 in Fighting
    13 | D        | Gained mutation: You are partially covered in yellow scales (AC +2). [demonic ancestry]
    13 | D        | Reached XP level 2. HP: 16/24 MP: 2/2
   108 | D        | Noticed an ogre
   116 | D        | Killed an ogre
   116 | D        | Reached skill level 5 in Fighting
   116 | D        | Reached skill level 5 in Axes
   116 | D        | Gained mutation: You are mostly covered in yellow scales (AC +3). [demonic ancestry]
   116 | D        | Reached XP level 3. HP: 12/33 MP: 3/3
   116 | D        | Reached XP level 4. HP: 14/39 MP: 4/4
   306 | D        | Noticed Sigmund
   330 | D        | Killed Sigmund
   330 | D        | Reached skill level 6 in Fighting
   330 | D        | Gained mutation: You have a pair of small antennae on your head. [demonic ancestry]
   330 | D        | Reached XP level 5. HP: 5/47 MP: 5/5
   618 | D        | Found a deep blue altar of Sif Muna.
   619 | D        | Noticed a jelly
   620 | D        | Found a radiant altar of Vehumet.
   626 | D        | Found Hepuin's Antique Armour Emporium.
   626 | D        | Found a white marble altar of Elyvilon.
   626 | D        | Found a stormy altar of Qazlal.
   626 | D        | Found a burning altar of Makhleb.
   626 | D        | Found a sacrificial altar of Ru.
   626 | D        | Found a basalt altar of Yredelemnul.
   626 | D        | Found a glowing golden altar of the Shining One.
   626 | D        | Found a sparkling altar of Nemelex Xobeh.
   626 | D        | Found a shimmering altar of Xom.
   626 | D        | Found an opulent altar of Gozag.
   626 | D        | Found an ancient bone altar of Kikubaaqudgha.
   626 | D        | Found a glowing silver altar of Zin.
   626 | D        | Noticed a yak
   628 | D        | Killed a jelly
   628 | D        | Reached skill level 5 in Dodging
   636 | D        | Killed a yak
   636 | D        | Reached skill level 8 in Fighting
   636 | D        | Reached skill level 5 in Throwing
   636 | D        | Reached XP level 6. HP: 6/56 MP: 6/6
   637 | D        | Found an iron altar of Okawaru.
   638 | D        | Found a bloodstained altar of Trog.
  1009 | D        | Found a snail-covered altar of Cheibriados.
  1009 | D        | Found a viscous altar of Jiyva.
  1009 | D        | Found a shadowy altar of Dithmenos.
  1009 | D        | Found a blossoming altar of Fedhas.
  1009 | D        | Noticed a slime creature
  1017 | D        | Killed a slime creature
  1017 | D        | Reached skill level 9 in Fighting
  1017 | D        | Gained mutation: You are completely covered in yellow scales (AC +4, rCorr). [demonic ancestry]
  1017 | D        | Reached XP level 7. HP: 18/64 MP: 7/7
  1019 | D        | Became a worshipper of Jiyva Jeplimp the Shapeless
  1028 | D        | Acquired Jiyva's first power
  1028 | D        | Acquired Jiyva's second power
  1114 | D        | Noticed a centaur warrior
  1124 | D        | Slain by a centaur warrior

Action                   |  1- 3 |  4- 6 |  7- 9 || total
-------------------------+-------+-------+-------++-------
Melee: War axe           |    16 |    33 |     4 ||    53
  Use: Potion            |     1 |     2 |       ||     3
  Eat: Bread ration      |       |     1 |       ||     1
